Map: [ESL] Site Delta

Players

MacSed

  • Race: Protoss Protoss
  • Spawn Location: 11:00

MeomaikA - Winner!

  • Race: Zerg Zerg
  • Spawn Location: 5:00

Event: ESL SC2 Masters 2024 Spring (Regional)

VOD

Have the link to the VOD?

Description

Time

  • Played on: April 20, 2024, 9:48 a.m.
  • Length: 8:52
Show
View Real Time Build Order
Export as new Build Order

MacSed Protoss 

Build Orders: 1 Gate Expand, Oracle Opening, Zealot Archon, Archon Drop 

Get SALT Encoding   

  12  0:00  Probe  
  13  0:12  Probe  
  14  0:17  Pylon  
  14  0:24  Probe  
  15  0:36  Probe (Chrono Boost)  
  15  0:38  Gateway  
  16  0:45  Probe (Chrono Boost)  
  16  0:48  Assimilator  
  17  0:51  Probe (Chrono Boost)  
  18  1:03  Probe  
  19  1:15  Probe  
  20  1:25  Nexus  
  20  1:35  Cybernetics Core  
  20  1:37  Probe  
  21  1:43  Assimilator  
  21  1:50  Probe  
  21  1:53  Pylon  
  22  2:02  Probe  
  23  2:09  Adept (Chrono Boost)  
  23  2:12  Warp Gate  
  23  2:14  Probe  
  26  2:24  Stargate  
  26  2:26  Probe  
  27  2:34  Stalker  
  29  2:37  Probe  
  29  2:38  Probe  
  31  2:49  Probe  
  31  2:50  Probe  
  33  3:01  Probe  
  33  3:02  Probe  
  33  3:04  Adept  
  37  3:06  Oracle (Chrono Boost)  
  40  3:13  Probe  
  40  3:14  Probe  
  42  3:23  Pylon  
  42  3:26  Probe (Chrono Boost)  
  43  3:30  Gateway  
  43  3:31  Probe (Chrono Boost)  
  44  3:38  Probe (Chrono Boost)  
  46  3:42  Probe (Chrono Boost)  
  46  3:44  Assimilator  
  46  3:45  Probe (Chrono Boost)  
  46  3:47  Assimilator, Probe (Chrono Boost)  
  47  3:49  Twilight Council  
  47  3:50  Forge  
  47  3:53  Probe  
  49  3:57  Probe  
  49  4:01  Robotics Facility  
  50  4:05  Probe  
  50  4:07  Pylon  
  50  4:09  Probe  
  52  4:17  Probe  
  52  4:19  Gateway x2  
  53  4:27  Charge  
  53  4:28  Protoss Ground Weapons Level 1 (Chrono Boost)  
  53  4:39  Gateway  
  53  4:41  Gateway  
  53  4:43  Templar Archives  
  53  4:45  Warp Prism (Chrono Boost)  
  55  4:56  Probe  
  55  4:57  Pylon  
  55  4:59  Zealot x2  
  60  5:03  Probe  
  61  5:12  Probe  
  62  5:20  Zealot  
  62  5:21  Sentry, High Templar  
  66  5:22  High Templar  
  66  5:26  Archon, Shield Battery  
  70  5:29  Pylon  
  70  5:42  Nexus  
  70  5:47  Immortal  
  70  5:49  Pylon  
  74  5:54  High Templar x2  
  78  6:01  Archon  
  78  6:02  Pylon x2  
  78  6:07  Zealot x3, Probe x2  
  86  6:20  Probe x2  
  86  6:23  Robotics Bay  
  88  6:26  Immortal  
  88  6:32  Probe x2  
  88  6:35  Shield Battery  
  84  6:41  Zealot x3  
  84  6:42  Zealot  
  84  6:44  Probe  
  84  6:46  Probe  
  94  6:47  Shield Battery  
  94  6:56  Probe  
  94  6:59  Zealot x2  
  94  7:01  Probe  
  100  7:07  Zealot  
  100  7:08  Zealot x3  
  84  7:16  Colossus (Chrono Boost)  
  81  7:24  Zealot x2  
  75  7:30  Zealot x4  
  71  7:47  Zealot x2  
  71  7:50  Zealot  
  71  7:51  Zealot x3  
  74  8:00  Probe  
  74  8:01  Colossus (Chrono Boost)  
  73  8:10  High Templar x2  
  67  8:14  Zealot x3  
  67  8:15  Archon  
  67  8:19  Probe  
  59  8:28  Zealot  
  50  8:34  Zealot x3  
Show
View Real Time Build Order
Export as new Build Order

MeomaikA Zerg - Winner!

Build Orders: Hatch First 

Get SALT Encoding   

  12  0:00  Drone  
  13  0:09  Drone  
  14  0:17  Drone, Extractor  
  15  0:38  Hatchery  
  15  0:42  Drone, Extractor  
  14  0:48  Overlord  
  15  1:02  Spawning Pool  
  14  1:06  Drone  
  14  1:08  Extractor  
  14  1:12  Drone  
  14  1:17  Drone  
  16  1:24  Drone  
  17  1:28  Drone  
  18  1:39  Drone  
  19  1:49  Queen  
  19  1:51  Queen  
  23  1:54  Drone  
  23  1:57  Drone  
  25  2:01  Drone  
  25  2:05  Drone  
  27  2:10  Metabolic Boost  
  27  2:17  Overlord  
  27  2:35  Hatchery  
  27  2:36  Drone  
  27  2:38  Zergling x2  
  27  2:41  Drone  
  29  2:44  Drone  
  29  2:46  Drone  
  29  2:50  Drone  
  32  2:52  Drone  
  32  2:55  Drone  
  34  2:59  Drone  
  34  3:00  Drone  
  34  3:04  Overlord  
  36  3:17  Spore Crawler  
  36  3:19  Overlord, Spore Crawler, Drone  
  36  3:20  Drone  
  36  3:24  Overlord  
  36  3:34  Lair  
  36  3:35  Extractor  
  36  3:37  Drone x3  
  36  3:38  Drone  
  36  3:40  Drone  
  40  3:42  Drone  
  40  3:44  Drone  
  40  3:46  Drone  
  43  3:49  Drone  
  43  3:50  Drone  
  43  3:52  Zergling x2  
  43  3:54  Zergling x2  
  47  4:00  Queen  
  49  4:04  Zergling x4, Extractor  
  49  4:06  Zergling x4  
  49  4:09  Zergling x2  
  53  4:10  Zergling x2  
  53  4:13  Zergling x2  
  55  4:18  Drone x3  
  55  4:20  Overlord  
  58  4:28  Overlord  
  58  4:35  Hydralisk Den  
  57  4:40  Overlord  
  57  4:41  Drone x4  
  57  4:42  Zergling x4  
  57  4:43  Zergling x2  
  64  4:47  Overseer  
  64  5:05  Hydralisk x4  
  64  5:06  Muscular Augments  
  70  5:10  Hydralisk  
  70  5:11  Drone x2  
  73  5:18  Hydralisk x2  
  76  5:23  Drone  
  76  5:24  Drone x2  
  76  5:27  Drone x2  
  81  5:30  Drone  
  81  5:32  Overlord  
  82  5:35  Overlord  
  82  5:48  Overlord x3  
  82  5:53  Overlord  
  82  5:54  Hydralisk x2  
  86  6:00  Roach Warren  
  85  6:05  Hydralisk x3  
  85  6:06  Hydralisk  
  85  6:09  Drone  
  85  6:10  Drone  
  92  6:11  Drone  
  92  6:13  Hydralisk  
  93  6:19  Hydralisk x2  
  93  6:21  Drone  
  93  6:23  Grooved Spines  
  98  6:26  Zergling x4  
  98  6:27  Zergling x2  
  98  6:28  Zergling x2  
  102  6:34  Zergling x10  
  102  6:37  Zergling x2  
  108  6:40  Zergling x8  
  108  6:42  Zergling x2  
  108  6:43  Zergling x2  
  108  6:44  Zergling x2  
  108  6:45  Zergling x2  
  116  6:48  Zergling x2, Glial Reconstitution  
  116  6:51  Zergling x2  
  116  6:53  Zergling x2  
  119  6:59  Overlord  
  119  7:04  Zergling x6  
  119  7:05  Zergling x2  
  119  7:06  Zergling x2  
  119  7:11  Zergling x4  
  119  7:12  Zergling x2  
  100  7:16  Zergling x4  
  100  7:17  Zergling x6  
  100  7:18  Zergling x2  
  101  7:25  Roach  
  101  7:27  Roach  
  101  7:29  Roach x2  
  102  7:30  Roach  
  102  7:31  Roach  
  101  7:38  Roach x3  
  101  7:40  Roach  
  101  7:43  Roach  
  101  7:44  Roach x2  
  110  7:45  Zergling x4  
  110  7:49  Zergling x4  
  114  7:53  Roach  
  114  7:56  Evolution Chamber  
  114  7:57  Evolution Chamber  
  113  7:58  Roach x2  
  113  7:59  Roach  
  113  8:00  Roach  
  113  8:01  Roach  
  113  8:03  Roach  
  119  8:07  Hatchery  
  119  8:09  Roach x3  
  119  8:10  Roach  
  119  8:11  Roach  
  121  8:14  Roach  
  121  8:16  Roach  
  121  8:19  Roach  
  122  8:20  Roach  
  118  8:29  Roach x3, Zergling x4  
  118  8:31  Drone  
  118  8:33  Drone  
Tags
 
Add a new tag
Caveats
  • Supply blocks, unpowered buildings, or Contaminate may cause inaccurate times.
  • Supply counts are checked every 10 seconds.